 Dungeon Crawl Stone Soup version 0.16-a0-3467-gfe061fe (webtiles) character file.

548 NewYearsCrawler the Shield-Bearer (level 7, -13/52 HPs)
             Began as a Formicid Fighter on Jan 2, 2015.
             Killed from afar by a hobgoblin (14 damage)
             ... with a wand of fire
             ... on level 4 of the Dungeon.
             The game lasted 00:04:33 (3066 turns).

NewYearsCrawler the Shield-Bearer (FoFi)            Turns: 3066, Time: 00:04:33

Health: -13/52     AC:  8    Str: 23    XL:     7   Next: 53%
Magic:  9/9        EV:  9    Int:  7    God:
Gold:   132        SH: 11    Dex: 10    Spells: 0 memorised, 6 levels left

rFire  . . .     SeeInvis +     o - +2 war axe (elec)
rCold  . . .     Clarity  .     b - +0 scale mail
rNeg   . . .     SustAb   .     c - +0 shield
rPois  .         Gourm    .     (helmet unavailable)
rElec  .         Spirit   .     (no cloak)
rCorr  .         Warding  .     (no gloves)
rMut   .         Stasis   +     m - +0 pair of boots
MR     .....                    (no amulet)
Stlth  ..........               (no ring)
                                (no ring)

@: not resistant to hostile enchantments, extremely unstealthy
A: permanent stasis, dig shafts and tunnels, four strong arms, antennae 3
a: Dig, Shaft Self


You were on level 4 of the Dungeon.
You were not hungry.

You visited 1 branch of the dungeon, and saw 4 of its levels.
You also visited: Sewer.

You collected 132 gold pieces.

Inventory:

Hand weapons
 a - a +0 war axe
 o - a +2 war axe of electrocution (weapon)
Armour
 b - a +0 scale mail (worn)
 c - a +0 shield (worn)
 m - a +0 pair of boots (worn)
Scrolls
 k - a scroll of identify
 l - 2 scrolls of teleportation
 n - a scroll of remove curse
Potions
 e - 3 potions of might
 f - 2 potions of agility
 g - 10 potions of curing
 i - 2 potions of brilliance
 p - a potion of cancellation {unknown}
Comestibles
 d - 7 bread rations
 h - a royal jelly
 j - a meat ration
 s - a slice of pizza
 v - a chunk of flesh


   Skills:
 - Level 3.2 Fighting
 + Level 5.3 Axes
 - Level 3.2 Armour
 + Level 7.7 Shields


You had 6 spell levels left.
You didn't know any spells.

Dungeon Overview and Level Annotations

Branches:
Dungeon (4/15)
 Temple: D:4-7

Altars:
Qazlal


Innate Abilities, Weirdness & Mutations

You are under a permanent stasis effect.
You can dig through walls and to a lower floor.
Your four strong arms can wield two-handed weapons with a shield.
You have a pair of large antennae on your head (SInv).


Message History

A hobgoblin is nearby!
The hobgoblin zaps a wand.
The bolt of fire hits you!
A hobgoblin is nearby!
You closely miss the hobgoblin.
The hobgoblin zaps a wand.
The bolt of fire hits you!
* * * LOW HITPOINT WARNING * * *
You are too injured to fight recklessly!
You are too injured to fight recklessly!
You are too injured to fight recklessly!
You are too injured to fight recklessly!
You are too injured to fight recklessly!
A hobgoblin is nearby!
A hobgoblin is nearby!
You are too injured to fight recklessly!
You are too injured to fight recklessly!
You are too injured to fight recklessly!
You hit the hobgoblin.
The hobgoblin is lightly wounded.
The hobgoblin zaps a wand.
The bolt of fire hits you!
You die...

#.# *************,,,,
*######### #.#
*,,,,,,,,****,,,,
#..[.....###.#
*,,,,,,,,+,,+,,,,
#........'...#
*,,,,,,,,****,,,,
#........##########+*****
*****
#.................#,#
#.................#.#
*...................#
*..............@g.#**
*#####.....(......#
#####........# ##########


You could see a hobgoblin.

Vanquished Creatures
  A phantom (D:4)
  A scorpion (D:4)
  An orc priest (D:4)
  3 orc wizards
  3 worker ants (D:4)
  2 river rats (Sewer)
  7 adders
  A giant mite (D:3)
  2 worms (D:2)
  An adder skeleton (D:4)
  6 giant geckos
  An ooze (D:1)
  9 orcs
  6 bats
  10 hobgoblins
  4 jackals (D:4)
  4 ball pythons
  6 giant cockroaches
  4 giant newts
  3 goblins
  A jackal skeleton (D:4)
  21 kobolds
  4 quokkas
  28 rats
129 creatures vanquished.

Notes
Turn   | Place    | Note
--------------------------------------------------------------
     0 | D:1      | NewYearsCrawler, the Formicid Fighter, began the quest for the Orb.
     0 | D:1      | Reached XP level 1. HP: 18/18 MP: 1/1
   119 | D:1      | Reached skill level 4 in Shields
   119 | D:1      | Reached XP level 2. HP: 22/24 MP: 3/3
   619 | D:2      | Reached XP level 3. HP: 12/29 MP: 4/4
   997 | D:2      | Found a stormy altar of Qazlal.
  1230 | D:2      | Reached skill level 5 in Shields
  1233 | D:2      | HP: 1/29 [worm (3)]
  1234 | D:2      | Reached XP level 4. HP: 1/35 MP: 5/5
  1766 | D:3      | Found a glowing drain.
  1786 | Sewer    | Entered a sewer
  1927 | Sewer    | Reached XP level 5. HP: 37/41 MP: 7/7
  2287 | Sewer    | Reached skill level 6 in Shields
  2453 | D:3      | Reached XP level 6. HP: 45/47 MP: 8/8
  2939 | D:4      | Reached skill level 7 in Shields
  2939 | D:4      | Reached XP level 7. HP: 34/52 MP: 9/9
  2977 | D:4      | Reached skill level 5 in Axes
  3065 | D:4      | HP: 1/52 [hobgoblin/wand of fire (20)]
  3066 | D:4      | Killed from afar by a hobgoblin

Action                   |  1- 3 |  4- 6 |  7- 9 || total
-------------------------+-------+-------+-------++-------
Melee: War axe           |    88 |   205 |    16 ||   309
  Use: Potion            |     2 |     6 |       ||     8
       Scroll            |       |     6 |       ||     6
  Eat: Chunk             |     1 |     6 |     1 ||     8
